 Dungeon Crawl Stone Soup version 0.22-a0-601-gb0ed703ee0 (webtiles) character file.

856 PikkenKukken the Cutter (level 7, 0/60 HPs)
             Began as a Grey Draconian Gladiator on July 7, 2018.
             Was a Follower of the Shining One.
             Splashed by an acid dragon's acid (11 damage)
             ... on level 6 of the Dungeon.
             The game lasted 00:13:27 (6409 turns).

PikkenKukken the Cutter (Grey Draconian Gladiator)  Turns: 6409, Time: 00:13:28

Health: 0/60       AC:  4    Str: 16    XL:     7   Next: 70%
Magic:  0/9        EV: 14    Int:  8    God:    the Shining One [*.....]
Gold:   241        SH:  0    Dex: 15    Spells: 6/6 levels left

rFire    . . .     SeeInvis .   a - +0 rapier
rCold    . . .     Gourm    .   (no shield)
rNeg     . . .     Faith    .   (armour unavailable)
rPois    .         Spirit   +   b - +1 hat
rElec    .         Reflect  .   j - scarf {Spirit}
rCorr    .         Harm     .   (no gloves)
MR       .....                  (no boots)
Stlth    +.........             (no amulet)
HPRegen  0.20/turn              (no ring)
MPRegen  0.11/turn              (no ring)

@: corroded, very slightly contaminated, glowing
A: walk through water, unfitting armour, unbreathing, cold-blooded, AC +11
a: Renounce Religion


You were on level 6 of the Dungeon.
You worshipped the Shining One.
The Shining One was aware of your devotion.
You were hungry.

You visited 1 branch of the dungeon, and saw 6 of its levels.

You collected 241 gold pieces.

Inventory:

Hand Weapons
 a - a +0 rapier (weapon)
 y - a cursed -2 dagger
Missiles
 c - 3 throwing nets
 g - 219 stones
 v - 14 tomahawks (quivered)
Armour
 b - a +1 hat (worn)
 j - a scarf of spirit shield (worn)
 u - a +0 cloak
Jewellery
 k - an uncursed ring of poison resistance {unknown}
 m - a cursed ring of teleportation {unknown}
 z - an uncursed amulet of the acrobat {unknown}
Wands
 s - a wand of disintegration (3)
Scrolls
 f - 3 scrolls of fog
 n - 3 scrolls of teleportation
 t - a scroll of noise
Potions
 e - 2 potions of curing
 h - 2 potions of haste
 i - a potion of agility
 l - a potion of might
 p - a potion of invisibility
 q - a potion of lignification
 r - a potion of flight
 x - a potion of brilliance {unknown}
Comestibles
 d - 9 rations
 w - 4 chunks of flesh


   Skills:
 + Level 4.7 Fighting
 + Level 4.7 Short Blades
 + Level 3.8 Throwing
 + Level 4.5 Dodging
 + Level 2.9 Invocations
 + Level 2.5 Evocations


You had 6 spell levels left.
You didn't know any spells.
Your spell library was empty.

Dungeon Overview and Level Annotations

Branches:
Dungeon (6/15)             Temple (0/1) D:5

Altars:
Gozag
Kikubaaqudgha
Makhleb
Wu Jian
Xom
The Shining One

Annotations:
D:6 Sigmund


Innate Abilities, Weirdness & Mutations

You can walk through water.
Your dull iron-grey scales are very hard. (AC +11)
You cannot fit into any form of body armour.
You can survive without breathing.
You are cold-blooded and may be slowed by cold attacks.


Message History

You hit the acid dragon but do no damage.
The acid dragon is severely wounded.
The acid dragon barely misses you. x2
You closely miss the acid dragon.
The acid dragon is severely wounded.
Sigmund points at you and mumbles some strange words.
The puff of flame misses you. The acid dragon misses you.
The acid dragon claws you.
You hit the acid dragon. You tail-slap the acid dragon.
The acid dragon is severely wounded.
The acid dragon spits acid at you. The splash of acid hits you!
You are splashed with acid!
The acid burns!
* * * LOW HITPOINT WARNING * * *
You hit the acid dragon.
The acid dragon is almost dead.
The acid dragon spits acid at you. The splash of acid hits you!
* * * LOW HITPOINT WARNING * * *
The acid corrodes you!
You are splashed with acid!
The acid burns!
You die...

...# ###### ....#
..!.. ...[# ..
..>##....# ...
........#
...####D#.....#
.......@....#
............#
#.........@..#
#............#
.###.#+####.#+#.#
............# .#
###....###.#.# .
#......# #.#.# #
#.#....###.#.#


You could see Sigmund and an acid dragon.

Vanquished Creatures
  An ice beast (D:5)
  3 centaurs (D:5)
  An ogre (D:5)
  A jelly (D:6)
  2 orc priests
  3 orc wizards
  A worker ant (D:4)
  A hound zombie (D:5)
  A hound skeleton (D:4)
  2 river rats (D:3)
  5 adders
  2 oozes
  An adder skeleton (D:5)
  6 worms
  A dart slug (D:1)
  4 leopard geckos
  22 orcs
  7 giant cockroaches
  9 goblins
  2 hobgoblins
  10 jackals
  3 quokkas
  2 ball pythons
  A ball python skeleton (D:4)
  10 bats
  A frilled lizard (D:1)
  12 kobolds
  A leopard gecko zombie (D:5)
  5 rats
120 creatures vanquished.

Notes
Turn   | Place    | Note
-------+----------+-------------------------------------------
     0 | D:1      | PikkenKukken the Draconian Gladiator began the quest for the Orb.
     0 | D:1      | Reached XP level 1. HP: 17/17 MP: 1/1
   401 | D:1      | Reached XP level 2. HP: 25/25 MP: 2/2
   737 | D:1      | Reached XP level 3. HP: 29/30 MP: 3/3
  1742 | D:2      | Reached XP level 4. HP: 36/38 MP: 4/4
  1819 | D:2      | Found an opulent altar of Gozag.
  1820 | D:2      | Found a glowing golden altar of the Shining One.
  1829 | D:2      | Found an ornate altar of the Wu Jian Council.
  1832 | D:2      | Became a worshipper of the Shining One
  2101 | D:2      | Found a deep blue altar of Sif Muna.
  2104 | D:2      | Found a glowing golden altar of the Shining One.
  2104 | D:2      | Found an ornate altar of the Wu Jian Council.
  2106 | D:2      | Found an ornate altar of the Wu Jian Council.
  2106 | D:2      | Found a shimmering altar of Xom.
  2106 | D:2      | Found a shimmering altar of Xom.
  2752 | D:3      | Reached XP level 5. HP: 44/45 MP: 5/5
  3208 | D:3      | Found an ancient bone altar of Kikubaaqudgha.
  4338 | D:4      | Reached * piety under the Shining One
  4377 | D:4      | Reached skill level 1 in Invocations
  4377 | D:4      | Reached XP level 6. HP: 25/52 MP: 1/6
  4605 | D:5      | Entered Level 5 of the Dungeon
  4896 | D:5      | Found a burning altar of Makhleb.
  4901 | D:5      | Reached skill level 1 in Evocations
  5186 | D:5      | Noticed an ice beast
  5505 | D:5      | Found a staircase to the Ecumenical Temple.
  5545 | D:5      | Your scales start taking on a dull iron-grey colour.
  5545 | D:5      | Reached XP level 7. HP: 50/59 MP: 6/8
  5545 | D:5      | Gained mutation: You can survive without breathing. [Grey Draconian growth]
  6403 | D:6      | Noticed Sigmund
  6409 | D:6      | Splashed by an acid dragon's acid

Vault maps used:
D:1:      minmay_arrival_widening_spiral_wide
D:2:      doesnt_xom_only_xom, grunt_temple_overflow_open
D:3:      lemuel_crystal_altar, gup_sewer_entry_spiral
D:4:      kennysheep_generic_room_6
D:5:      old_standard_altar, minmay_temple_entry_statues, first_ration
D:6:      uniq_menkaure, uniq_sigmund, uniq_grinder

Skill      XL: |  1  2  3  4  5  6  7 |
---------------+----------------------+-----
Throwing       | 2 3 |  3.8
Dodging        | 3 4 |  4.5
Fighting       | 3 4 |  4.7
Short Blades   | 4 |  4.7
Invocations    | 1 2 |  2.9
Evocations     | 1 2 |  2.5

Action                   |  1- 3 |  4- 6 |  7- 9 || total
-------------------------+-------+-------+-------++-------
Melee: Rapier            |   116 |   316 |    59 ||   491
       Tailslap          |     7 |    34 |    11 ||    52
Throw: Tomahawk          |       |    12 |    20 ||    32
Evoke: Wand              |       |     5 |       ||     5
  Use: Scroll            |     4 |    13 |     2 ||    19
       Potion            |       |     1 |     1 ||     2
  Eat: Chunk             |     2 |    10 |     2 ||    14
       Ration            |       |     1 |       ||     1
Armor: Skin              |    56 |    81 |    18 ||   155
Dodge: Dodged            |   114 |   227 |    52 ||   393

Table legend:
 A = Spawn XP
 B = Non-spawn XP
 C = Spawn XP percentage of total XP
 D = Spawn monster count
 E = Non-spawn monster count
 F = Spawn count percentage of total count
 G = Total turns spent on level
                    A         B        C        D         E        F      G
               +---------+---------+-------+---------+---------+-------+---------
         Total |       0 |    1224 |   0.0 |       0 |     120 |   0.0 |  6409
               +---------+---------+-------+---------+---------+-------+---------
           D:1 |       0 |      47 |   0.0 |       0 |      25 |   0.0 |  1436
           D:2 |       0 |      68 |   0.0 |       0 |      16 |   0.0 |   800
           D:3 |       0 |     130 |   0.0 |       0 |      40 |   0.0 |  1144
           D:4 |       0 |     149 |   0.0 |       0 |      10 |   0.0 |  1498
           D:5 |       0 |     701 |   0.0 |       0 |      23 |   0.0 |  1242
           D:6 |       0 |     129 |   0.0 |       0 |       6 |   0.0 |   289
               +---------+---------+-------+---------+---------+-------+---------
